Map: Kairos Junction LE

Players

FuriousJoe - Winner!

  • Race: Zerg Zerg
  • League: Diamond
  • Spawn Location: 11:00

DarwinAwdWnr

  • Race: Zerg Zerg
  • League: Platinum
  • Spawn Location: 5:00

VOD

Have the link to the VOD?

Description

Time

  • Played on: June 2, 2019, 10:43 p.m.
  • Length: 11:20
Show
View Real Time Build Order
Export as new Build Order

FuriousJoe Zerg - Winner!

Build Orders: Hatch First 

Get SALT Encoding   

  12  0:04  Drone  
  13  0:12  Drone  
  14  0:16  Overlord  
  14  0:33  Drone, Extractor  
  15  0:49  Hatchery  
  14  0:51  Drone  
  14  0:53  Drone  
  16  0:57  Drone  
  16  0:59  Extractor  
  16  1:14  Spawning Pool  
  16  1:18  Drone  
  16  1:22  Drone  
  16  1:25  Drone  
  18  1:36  Drone  
  19  1:50  Drone  
  20  2:01  Queen x2  
  20  2:02  Drone  
  20  2:03  Drone  
  26  2:08  Metabolic Boost  
  26  2:18  Evolution Chamber  
  26  2:22  Drone x3  
  28  2:27  Overlord  
  28  2:41  Spine Crawler  
  27  2:48  Zerg Melee Weapons Level 1  
  27  2:54  Zergling x10  
  32  3:06  Drone x3  
  35  3:15  Overlord x2  
  35  3:22  Lair  
  35  3:24  Drone  
  36  3:30  Overlord  
  36  3:35  Drone x3  
  39  3:53  Baneling Nest  
  39  3:54  Drone  
  39  3:57  Drone  
  40  4:07  Hatchery  
  39  4:10  Zergling x6  
  39  4:11  Zergling x4  
  39  4:16  Extractor  
  43  4:18  Evolution Chamber  
  43  4:20  Drone x3  
  43  4:24  Zergling x6  
  40  4:56  Drone x6  
  41  5:15  Baneling  
  41  5:16  Baneling x4  
  41  5:18  Baneling  
  41  5:19  Baneling  
  41  5:21  Zergling x12  
  46  5:32  Zergling x6  
  39  5:48  Queen  
  39  5:49  Queen  
  42  6:25  Baneling x2  
  41  6:29  Zergling x2  
  41  6:30  Zergling x6  
  37  6:48  Zerg Ground Armor Level 1  
  37  6:49  Zergling x2  
  37  6:50  Zergling x8  
  41  6:58  Zergling x6  
  41  6:59  Zergling x2  
  41  7:01  Queen  
  42  7:02  Drone  
  34  7:30  Zergling x14  
  41  7:40  Infestation Pit  
  41  7:42  Spine Crawler  
  39  7:44  Drone  
  39  7:45  Drone x2  
  39  7:59  Baneling x2  
  39  8:00  Baneling x4  
  39  8:01  Baneling x4  
  39  8:05  Queen  
  41  8:06  Drone x2  
  41  8:07  Drone x3  
  41  8:09  Drone  
  41  8:10  Drone  
  46  8:31  Zergling x14  
  49  8:42  Zergling x2  
  49  8:43  Zergling x6  
  53  8:56  Zergling x16  
  53  8:59  Baneling x2  
  53  9:00  Baneling  
  56  9:31  Zergling x14  
  56  9:32  Baneling x7  
  57  9:58  Zergling x2  
  57  9:59  Overlord x4  
  45  10:23  Baneling x3  
  45  10:24  Zergling x2, Baneling  
  45  10:25  Zergling x20  
  55  10:38  Zergling x2  
Show
View Real Time Build Order
Export as new Build Order

DarwinAwdWnr Zerg 

Build Orders: Hatch First 

Get SALT Encoding   

  12  0:00  Drone  
  13  0:09  Drone  
  14  0:16  Overlord  
  14  0:35  Drone x2  
  16  0:50  Hatchery  
  15  0:58  Drone x2  
  17  1:05  Extractor  
  16  1:12  Spawning Pool  
  16  1:17  Drone  
  16  1:29  Drone  
  16  1:30  Drone  
  18  1:33  Drone  
  19  1:42  Overlord  
  19  2:01  Queen  
  19  2:04  Metabolic Boost  
  19  2:06  Zergling x2  
  19  2:07  Zergling x2  
  23  2:19  Drone x3  
  26  2:23  Drone  
  27  2:50  Baneling Nest  
  25  3:10  Drone x6  
  25  3:12  Drone  
  32  3:15  Queen  
  32  3:17  Overlord x2  
  34  3:38  Baneling  
  34  3:45  Zergling x2  
  34  3:46  Zergling x14  
  42  4:05  Zergling x2  
  42  4:06  Zergling x4  
  45  4:11  Zergling x2  
  45  4:16  Zergling x2  
  47  4:17  Zergling x6  
  47  4:20  Baneling  
  47  4:21  Baneling  
  48  4:25  Zergling x4  
  48  4:26  Zergling x2  
  48  4:27  Overlord x2  
  51  4:48  Zergling x2  
  51  4:49  Zergling x10  
  53  4:57  Zergling x4  
  51  5:05  Zergling x2  
  51  5:06  Zergling x6  
  53  5:13  Baneling x3  
  52  5:14  Zergling x4  
  53  5:22  Queen  
  53  5:23  Queen  
  53  5:25  Hatchery  
  52  5:38  Zergling x2  
  52  5:41  Zergling x14  
  56  5:43  Baneling x2  
  56  5:44  Baneling x6  
  56  5:46  Baneling x2  
  56  5:50  Zergling x2  
  57  5:57  Zergling x2  
  57  5:58  Queen  
  58  6:16  Zergling x12  
  64  6:20  Zergling x2  
  61  6:33  Baneling x4  
  61  6:36  Hatchery  
  55  6:48  Zergling x18  
  62  6:54  Zergling x6  
  57  7:14  Zergling x2  
  57  7:15  Zergling x14  
  57  7:24  Zergling x2  
  57  7:25  Zergling x16  
  59  7:34  Baneling  
  59  7:35  Baneling x3  
  56  7:38  Zergling x2  
  56  7:39  Zergling x4  
  59  7:58  Zergling x22  
  59  7:59  Zergling x2  
  59  8:01  Baneling x3  
  59  8:02  Zergling x2, Baneling x3  
  69  8:06  Zergling x2  
  69  8:07  Zergling x2  
  71  8:24  Zergling x2  
  71  8:25  Zergling x14  
  61  8:32  Zergling x10  
  51  8:49  Zergling x14  
  51  8:54  Baneling x4  
  51  8:55  Baneling  
  57  9:01  Zergling x4  
  57  9:04  Zergling x2  
  55  9:14  Zergling x2  
  55  9:15  Zergling x6  
  55  9:19  Zergling x2  
  50  9:24  Zergling x4  
  50  9:26  Baneling  
  46  9:33  Zergling x2  
  46  9:34  Zergling x4  
  45  9:50  Zergling x2  
  45  9:51  Zergling x10  
  51  9:53  Baneling  
  51  9:55  Zergling x2  
  51  9:59  Baneling x2  
  52  10:04  Zergling x4  
  46  10:07  Zergling x2  
  41  10:20  Zergling x2  
  43  10:21  Zergling x8  
  40  10:29  Baneling x3  
  40  10:33  Zergling x2  
  40  10:34  Zergling x4  
  42  10:37  Zergling x2  
  42  10:49  Zergling x8  
  34  10:52  Baneling  
  32  11:01  Zergling x2  
Tags
 
Add a new tag
Caveats
  • Supply blocks, unpowered buildings, or Contaminate may cause inaccurate times.
  • Supply counts are checked every 10 seconds.